 Dungeon Crawl Stone Soup version 0.27.1-34-g3ba077fa99 (webtiles) character file.

Game seed: 17055421235403375765

80 comborobin the Chopper (level 4, -2/39 HPs)
             Began as a Hill Orc Delver on Jan 6, 2022.
             Slain by a centaur skeleton (4 damage)
             ... on level 5 of the Dungeon.
             The game lasted 00:01:02 (101 turns).

comborobin the Chopper (Hill Orc Delver)             Turns: 101, Time: 00:01:02

Health: -2/39      AC:  3    Str: 15    XL:     4   Next: 39%
Magic:  4/4        EV: 11    Int: 10    God:
Gold:   0          SH:  0    Dex: 12    Spells: 3/3 levels left

rFire    . . .     SeeInvis .   a - +0 hand axe
rCold    . . .     Faith    .   (no shield)
rNeg     . . .     Spirit   .   b - +0 leather armour
rPois    .         Reflect  .   (no helmet)
rElec    .         Harm     .   (no cloak)
rCorr    .         Rampage  .   (no gloves)
Will     .....                  (no boots)
Stlth    ++........             (no amulet)
HPRegen  0.13/turn              (no ring)
MPRegen  0.09/turn              (no ring)

@: no status effects
A: no striking features
a: no special abilities


You were on level 5 of the Dungeon.
You visited 1 branch of the dungeon, and saw 2 of its levels.

Inventory:

Hand Weapons
 a - a +0 hand axe (weapon)
Armour
 b - a +0 leather armour (worn)
Wands
 g - a wand of digging (1)
Scrolls
 c - a scroll of fog


   Skills:
 - Level 3.6 Fighting
 + Level 6.0 Axes
 - Level 1.5 Dodging
 - Level 4.1 Stealth


You had 3 spell levels left.
You didn't know any spells.
Your spell library was empty.

Dungeon Overview and Level Annotations

Branches:
Dungeon (6/15)
 Temple: D:4-7

Altars:

Shops:
D:6 (!?

Annotations:
D:6 Maggie


Message History

Unknown command.
Unknown command.
You don't have any such object.
Evoke which item? (* to show all) (? for menu, Esc to quit)
You don't have any such object.
Evoke which item? (* to show all) (? for menu, Esc to quit)
Okay, then.
You aren't carrying any potions.
Sorry, you're not good enough to have a special ability.
Unknown command.
Okay, then.
Aiming: Dig
Press: ? - help, Shift-Dir - straight line A rock wall.
The rock shatters into small pieces.
Aiming: Dig
Press: ? - help, Shift-Dir - straight line A rock wall.
The rock shatters into small pieces.
You hit the centaur skeleton.
The centaur skeleton is moderately damaged.
The centaur skeleton barely misses you.
The centaur skeleton kicks you but does no damage.
The centaur skeleton hits you but does no damage.
The centaur skeleton kicks you.
* * * LOW HITPOINT WARNING * * *
You hit the centaur skeleton.
The centaur skeleton is heavily damaged.
The centaur skeleton closely misses you. x2
Unknown command.
You hit the centaur skeleton.
The centaur skeleton is severely damaged.
The centaur skeleton completely misses you.
The centaur skeleton kicks you.
* * * LOW HITPOINT WARNING * * *
Unknown command.
You hit the centaur skeleton.
The centaur skeleton is almost destroyed.
The centaur skeleton hits you.
You die...

######## ## .#
#......# #.# .#
##......# #.#
.###....>..# #.#
..##.###.### ##.#
..... #..# ##Z##
..#######.####.#@#
.......##..##.###.#
.............###
#.#
..##............#
#.#
..###...........#
#.# .##
#..#####....# #.#
<# #.## ##...# #.#
# #.# .... ## . ..#
.....


You could see a centaur skeleton.

Vanquished Creatures
  2 bullfrog skeletons (D:5)
  An iguana (D:5)
3 creatures vanquished.

Notes
Turn   | Place    | Note
-------+----------+-------------------------------------------
     0 | D:5      | comborobin the Hill Orc Delver began the quest for the Orb.
     0 | D:5      | Reached XP level 1. HP: 19/19 MP: 1/1
    14 | D:6      | Noticed Maggie
    30 | D:6      | Found Leicw's Magic Scroll Shop.
    30 | D:6      | Found Teefiyph's Distillery.
    30 | D:6      | Found Tegeabbo's Weapon Shop.
    30 | D:6      | Noticed an electric eel
    62 | D:5      | Noticed an iguana
    69 | D:5      | Killed an iguana
    70 | D:5      | Reached skill level 4 in Axes
    70 | D:5      | Reached XP level 2. HP: 26/26 MP: 2/2
    70 | D:5      | Reached XP level 3. HP: 31/31 MP: 3/3
    76 | D:5      | Reached skill level 5 in Axes
    92 | D:5      | Reached skill level 6 in Axes
    92 | D:5      | Reached XP level 4. HP: 4/39 MP: 4/4
   101 | D:5      | Slain by a centaur skeleton

Illustrated notes

Levels and vault maps discovered:
D:5:      lemuel_insect_pit, layout_rooms, minmay_temple_entry_ruins,
          uniq_grinder
D:6:      layout_loops_ring, chequers_serial_rivers_large_a,
          nicolae_wooded_promenade, minmay_misc_feat_tower, uniq_eustachio,
          uniq_menkaure, uniq_maggie

Skill      XL: |  1  2  3 |
---------------+----------+-----
Axes           | 4 6 |  6.0
Fighting       | |  3.6
Dodging        | |  1.5
Stealth        | |  4.1

Action                   |  1- 3 |  4- 6 || total
-------------------------+-------+-------++-------
Melee: Hand axe          |    12 |     4 ||    16
Evoke: Wand              |     7 |     2 ||     9
  Use: Scroll            |     3 |       ||     3
       Potion            |     1 |       ||     1
Armor: Leather armour    |     1 |     2 ||     3
Dodge: Dodged            |     7 |     4 ||    11
